 Dungeon Crawl Stone Soup version 0.27-a0-291-gd9602db6ee (webtiles) character file.

Game seed: 17287978864682547206

77 HendSelp the Insei (level 4, 0/28 HPs)
             Began as an Octopode Transmuter on Feb 9, 2021.
             Slain by a phantom (6 damage)
             ... on level 3 of the Dungeon.
             The game lasted 00:04:03 (2706 turns).

HendSelp the Insei (Octopode Transmuter)            Turns: 2706, Time: 00:04:04

Health: 0/28       AC:  1    Str: 10    XL:     4   Next: 33%
Magic:  5/7        EV: 10    Int: 15    God:
Gold:   122        SH:  6    Dex: 12    Spells: 6/7 levels left

rFire    . . .     SeeInvis .     - Unarmed
rCold    . . .     Faith    .   h - +0 kite shield (curse)
rNeg     . . .     Spirit   .   (helmet currently unavailable)
rPois    .         Reflect  .   k - amulet of inaccuracy (curse)
rElec    .         Harm     .   (no ring)
rCorr    .         Rampage  .   (no ring)
Will     .....                  (no ring)
Stlth    ++........             (no ring)
HPRegen  0.09/turn              (no ring)
MPRegen  0.10/turn              (no ring)
                                (no ring)
                                (no ring)

@: appendages, very slightly contaminated
A: almost no armour, stealthy swim, amphibious, 8 rings, constrict 8, tentacle
spike 3, camouflage 1, gelatinous body 1
a: End Transformation


You were on level 3 of the Dungeon.
One of your tentacles had a temporary spike.
You visited 1 branch of the dungeon, and saw 3 of its levels.

You collected 122 gold pieces.

Inventory:

Armour
 h - a cursed +0 kite shield (worn)
Jewellery
 k - a cursed amulet of inaccuracy (around mantle)
Scrolls
 e - 3 scrolls of amnesia
 g - 2 scrolls of fear
Potions
 a - 4 potions of might
 b - a potion of berserk rage {unknown}
 c - 2 potions of mutation {unknown}
 d - a potion of attraction {unknown}
 f - 3 potions of brilliance {unknown}
 i - 2 potions of curing {unknown}
 j - a potion of ambrosia {unknown}


   Skills:
 + Level 1.2 Fighting
 + Level 2.3 Dodging
 + Level 4.1 Unarmed Combat
 + Level 2.4 Spellcasting
 + Level 2.5 Transmutations


You had 6 spell levels left.
You knew the following spells:

 Your Spells              Type           Power        Failure   Level
a - Beastly Appendage     Tmut           18%          47%         1

Your spell library contained the following spells:

 Spells                   Type           Power        Failure   Level
 Wereblood                Tmut           9%           63%         2
 Spider Form              Tmut/Pois      2%           95%         3
 Ice Form                 Ice/Tmut       5%           100%        4
 Blade Hands              Tmut           4%           100%        5


Dungeon Overview and Level Annotations

Branches:
Dungeon (3/15)

Altars:


Innate Abilities, Weirdness & Mutations

You cannot wear most types of armour.
You are very stealthy in the water. (Stealth+)
You are amphibious.
You can wear up to eight rings at the same time.
You can use your tentacles to constrict eight enemies at once.
Your skin changes colour to match your surroundings (Stealth+).
Your rubbery body absorbs attacks. (AC +1, EV +1)
One of your tentacles bears a large vicious spike.


Message History

You are too injured to fight recklessly!
You are too injured to fight recklessly!
Casting: Beastly Appendage (safe; 47% risk of failure)
Confirm with . or Enter, or press ? or * to list all spells.
One of your tentacles grows a vicious spike.
The phantom hits you.
You are too injured to fight recklessly!
You are too injured to fight recklessly!
You miss the phantom. The phantom barely misses you.
You tentacle-slap the phantom but do no damage.
The phantom hits you.
* * * LOW HITPOINT WARNING * * *
The phantom blinks!
You blink.
A rat comes into view.
Found 15 gold pieces.
Found a stone staircase leading down.
An orc comes into view. It is wielding a +0 mace.
You tentacle-slap the phantom.
The phantom is lightly damaged.
You block the phantom's attack. The phantom hits you.
You die...

#..# #..#
#..#
##.>######
#......ยง.#
#.######!#
#. #o# #.
#W# .. #@#
.. #$# #..
>.# #.## #r
#. #. #.


You could see a phantom, an orc (wandering) and a rat.

Vanquished Creatures
  3 adders
  4 dart slugs
  2 leopard geckos
  2 ball pythons
  5 bats
  7 giant cockroaches
  2 goblins
  5 hobgoblins
  4 frilled lizards
  A kobold (D:1)
  3 rats
38 creatures vanquished.

Notes
Turn   | Place    | Note
-------+----------+-------------------------------------------
     0 | D:1      | HendSelp the Octopode Transmuter began the quest for the
                  | Orb.
     0 | D:1      | Reached XP level 1. HP: 13/13 MP: 3/3
   579 | D:1      | Reached XP level 2. HP: 18/18 MP: 3/5
  1257 | D:2      | Reached XP level 3. HP: 20/23 MP: 4/6
  1487 | D:2      | Reached skill level 4 in Unarmed Combat
  1760 | D:2      | Reached XP level 4. HP: 28/28 MP: 7/7
  2697 | D:3      | Noticed a phantom
  2706 | D:3      | Slain by a phantom

Illustrated notes

Levels and vault maps discovered:
D:1:      heliophobic_arrival_battle_scene, layout_basic
D:2:      layout_loops_cross, minmay_worlds_worst_comb
D:3:      layout_loops_ring, okawaru_altar_gauntlet_db

Skill      XL: |  1  2  3 |
---------------+----------+-----
Unarmed Combat | 4 |  4.1
Fighting       | |  1.2
Dodging        | |  2.3
Spellcasting   | |  2.4
Transmutations | |  2.5

Action                   |  1- 3 |  4- 6 || total
-------------------------+-------+-------++-------
Melee: Unarmed           |    62 |    32 ||    94
       Constrict         |    21 |     4 ||    25
       Tentacles         |     8 |     2 ||    10
       Kick              |    11 |     2 ||    13
       Punch             |     2 |       ||     2
 Cast: Beastly Appendage |    19 |     3 ||    22
  Use: Scroll            |       |     4 ||     4
 Stab: Sleeping          |     2 |     2 ||     4
Armor: Skin              |     4 |     3 ||     7
Dodge: Dodged            |    40 |    25 ||    65
Block: Kite shield       |       |     3 ||     3

Table legend: (Time is in decaauts)
 A = Elapsed time spent in this place.
 B = Non-inter-level travel time spent in this place.
 C = Inter-level travel time spent in this place.
 D = Time resting spent in this place.
 E = Time spent auto-exploring this place.
 F = Levels seen in this place.
 G = Mean time per level.
                   A        B        C        D        E       F      G
               +--------+--------+--------+--------+--------+-----+--------+
         Total |   2701 |   2555 |    146 |    623 |   1503 |   3 |  900.3 |
       Dungeon |   2701 |   2555 |    146 |    623 |   1503 |   3 |  900.3 |
               +--------+--------+--------+--------+--------+-----+--------+

Top non-repeatable levels by time:
     D:2: 1462 daAuts
     D:1: 1127 daAuts
     D:3: 110 daAuts
